%YAML 1.1
%TAG !u! tag:unity3d.com,2011:
--- !u!1 &4877626114042780286
GameObject:
  m_ObjectHideFlags: 0
  m_CorrespondingSourceObject: {fileID: 0}
  m_PrefabInstance: {fileID: 0}
  m_PrefabAsset: {fileID: 0}
  serializedVersion: 6
  m_Component:
  - component: {fileID: 4877626113713803125}
  - component: {fileID: 4877626114042780224}
  - component: {fileID: 4877626114042780287}
  m_Layer: 0
  m_Name: Beg
  m_TagString: Untagged
  m_Icon: {fileID: 8418204508859773708, guid: 0000000000000000d000000000000000, type: 0}
  m_NavMeshLayer: 0
  m_StaticEditorFlags: 0
  m_IsActive: 1
--- !u!4 &4877626113713803125
Transform:
  m_ObjectHideFlags: 0
  m_CorrespondingSourceObject: {fileID: 0}
  m_PrefabInstance: {fileID: 0}
  m_PrefabAsset: {fileID: 0}
  m_GameObject: {fileID: 4877626114042780286}
  m_LocalRotation: {x: -0.043062933, y: 0.645926, z: 0.036536407, w: 0.7613083}
  m_LocalPosition: {x: -5.584, y: 6.91, z: 7.595}
  m_LocalScale: {x: 1, y: 1, z: 1}
  m_Children: []
  m_Father: {fileID: 5476004040091447083}
  m_RootOrder: 0
  m_LocalEulerAnglesHint: {x: 0, y: 0, z: 0}
--- !u!120 &4877626114042780224
LineRenderer:
  m_ObjectHideFlags: 0
  m_CorrespondingSourceObject: {fileID: 0}
  m_PrefabInstance: {fileID: 0}
  m_PrefabAsset: {fileID: 0}
  m_GameObject: {fileID: 4877626114042780286}
  m_Enabled: 1
  m_CastShadows: 1
  m_ReceiveShadows: 1
  m_DynamicOccludee: 1
  m_MotionVectors: 0
  m_LightProbeUsage: 0
  m_ReflectionProbeUsage: 0
  m_RayTracingMode: 0
  m_RenderingLayerMask: 1
  m_RendererPriority: 0
  m_Materials:
  - {fileID: 2100000, guid: 50998c4cae1d8f340817c7a3058b7bfa, type: 2}
  m_StaticBatchInfo:
    firstSubMesh: 0
    subMeshCount: 0
  m_StaticBatchRoot: {fileID: 0}
  m_ProbeAnchor: {fileID: 0}
  m_LightProbeVolumeOverride: {fileID: 0}
  m_ScaleInLightmap: 1
  m_ReceiveGI: 1
  m_PreserveUVs: 0
  m_IgnoreNormalsForChartDetection: 0
  m_ImportantGI: 0
  m_StitchLightmapSeams: 1
  m_SelectedEditorRenderState: 3
  m_MinimumChartSize: 4
  m_AutoUVMaxDistance: 0.5
  m_AutoUVMaxAngle: 89
  m_LightmapParameters: {fileID: 0}
  m_SortingLayerID: 0
  m_SortingLayer: 0
  m_SortingOrder: 0
  m_Positions:
  - {x: -5.584, y: 6.91, z: 7.595}
  - {x: -5.2491264, y: 6.827451, z: 7.7082796}
  - {x: -4.91417, y: 6.745887, z: 7.8211055}
  - {x: -4.5790462, y: 6.666283, z: 7.9330297}
  - {x: -4.2436743, y: 6.589601, z: 8.043609}
  - {x: -3.907975, y: 6.516778, z: 8.152411}
  - {x: -3.5718708, y: 6.448719, z: 8.259021}
  - {x: -3.2352884, y: 6.386293, z: 8.363038}
  - {x: -2.8981578, y: 6.330322, z: 8.464084}
  - {x: -2.5604134, y: 6.2815757, z: 8.561803}
  - {x: -2.2219949, y: 6.2407675, z: 8.6558695}
  - {x: -1.8828474, y: 6.2085447, z: 8.745983}
  - {x: -1.5429215, y: 6.1854873, z: 8.831878}
  - {x: -1.2021742, y: 6.1721, z: 8.9133215}
  - {x: -0.8605691, y: 6.168811, z: 8.990116}
  - {x: -0.51807755, y: 6.1759663, z: 9.062103}
  - {x: -0.17467621, y: 6.1938276, z: 9.129163}
  - {x: 0.16964933, y: 6.2225714, z: 9.191213}
  - {x: 0.51490664, y: 6.262285, z: 9.248213}
  - {x: 0.8610956, y: 6.31297, z: 9.300163}
  - {x: 1.2082089, y: 6.3745375, z: 9.347103}
  - {x: 1.5562309, y: 6.4468107, z: 9.389116}
  - {x: 1.9051405, y: 6.5295286, z: 9.426321}
  - {x: 2.2549076, y: 6.6223445, z: 9.458878}
  - {x: 2.6054957, y: 6.7248306, z: 9.486983}
  - {x: 2.956863, y: 6.836482, z: 9.51087}
  - {x: 3.3089585, y: 6.956719, z: 9.530803}
  - {x: 3.6617281, y: 7.0848937, z: 9.547084}
  - {x: 4.0151124, y: 7.2202935, z: 9.560038}
  - {x: 4.369044, y: 7.362148, z: 9.570022}
  - {x: 4.723454, y: 7.5096354, z: 9.577412}
  - {x: 5.0782695, y: 7.661887, z: 9.582609}
  - {x: 5.4334116, y: 7.817998, z: 9.586031}
  - {x: 5.788802, y: 7.97703, z: 9.588106}
  - {x: 6.14436, y: 8.138023, z: 9.589279}
  - {x: 6.5000005, y: 8.3, z: 9.59}
  m_Parameters:
    serializedVersion: 3
    widthMultiplier: 1
    widthCurve:
      serializedVersion: 2
      m_Curve:
      - serializedVersion: 3
        time: 0
        value: 0.045461655
        inSlope: 0
        outSlope: 0
        tangentMode: 0
        weightedMode: 0
        inWeight: 0.33333334
        outWeight: 0.33333334
      m_PreInfinity: 2
      m_PostInfinity: 2
      m_RotationOrder: 4
    colorGradient:
      serializedVersion: 2
      key0: {r: 1, g: 1, b: 1, a: 1}
      key1: {r: 1, g: 1, b: 1, a: 1}
      key2: {r: 0, g: 0, b: 0, a: 0}
      key3: {r: 0, g: 0, b: 0, a: 0}
      key4: {r: 0, g: 0, b: 0, a: 0}
      key5: {r: 0, g: 0, b: 0, a: 0}
      key6: {r: 0, g: 0, b: 0, a: 0}
      key7: {r: 0, g: 0, b: 0, a: 0}
      ctime0: 0
      ctime1: 65535
      ctime2: 0
      ctime3: 0
      ctime4: 0
      ctime5: 0
      ctime6: 0
      ctime7: 0
      atime0: 0
      atime1: 65535
      atime2: 0
      atime3: 0
      atime4: 0
      atime5: 0
      atime6: 0
      atime7: 0
      m_Mode: 0
      m_NumColorKeys: 2
      m_NumAlphaKeys: 2
    numCornerVertices: 0
    numCapVertices: 0
    alignment: 0
    textureMode: 0
    shadowBias: 0.5
    generateLightingData: 0
  m_UseWorldSpace: 1
  m_Loop: 0
--- !u!114 &4877626114042780287
MonoBehaviour:
  m_ObjectHideFlags: 0
  m_CorrespondingSourceObject: {fileID: 0}
  m_PrefabInstance: {fileID: 0}
  m_PrefabAsset: {fileID: 0}
  m_GameObject: {fileID: 4877626114042780286}
  m_Enabled: 1
  m_EditorHideFlags: 0
  m_Script: {fileID: 11500000, guid: 9889db144df0d4142a4a679ad8530dd1, type: 3}
  m_Name: 
  m_EditorClassIdentifier: 
  endPointTransform: {fileID: 4877626114529350806}
  pointDensity: 3
--- !u!1 &4877626114529350805
GameObject:
  m_ObjectHideFlags: 0
  m_CorrespondingSourceObject: {fileID: 0}
  m_PrefabInstance: {fileID: 0}
  m_PrefabAsset: {fileID: 0}
  serializedVersion: 6
  m_Component:
  - component: {fileID: 4877626114529350806}
  m_Layer: 0
  m_Name: End
  m_TagString: Untagged
  m_Icon: {fileID: 0}
  m_NavMeshLayer: 0
  m_StaticEditorFlags: 0
  m_IsActive: 1
--- !u!4 &4877626114529350806
Transform:
  m_ObjectHideFlags: 0
  m_CorrespondingSourceObject: {fileID: 0}
  m_PrefabInstance: {fileID: 0}
  m_PrefabAsset: {fileID: 0}
  m_GameObject: {fileID: 4877626114529350805}
  m_LocalRotation: {x: 0.0000000037252903, y: -0, z: -0.0000000018626451, w: 1}
  m_LocalPosition: {x: 6.5000005, y: 8.3, z: 9.59}
  m_LocalScale: {x: 1, y: 1, z: 1}
  m_Children: []
  m_Father: {fileID: 5476004040091447083}
  m_RootOrder: 1
  m_LocalEulerAnglesHint: {x: 0, y: 0, z: 0}
--- !u!1 &5991524480536611829
GameObject:
  m_ObjectHideFlags: 0
  m_CorrespondingSourceObject: {fileID: 0}
  m_PrefabInstance: {fileID: 0}
  m_PrefabAsset: {fileID: 0}
  serializedVersion: 6
  m_Component:
  - component: {fileID: 5476004040091447083}
  m_Layer: 0
  m_Name: Cable
  m_TagString: Untagged
  m_Icon: {fileID: 0}
  m_NavMeshLayer: 0
  m_StaticEditorFlags: 0
  m_IsActive: 1
--- !u!4 &5476004040091447083
Transform:
  m_ObjectHideFlags: 0
  m_CorrespondingSourceObject: {fileID: 0}
  m_PrefabInstance: {fileID: 0}
  m_PrefabAsset: {fileID: 0}
  m_GameObject: {fileID: 5991524480536611829}
  m_LocalRotation: {x: 0, y: 0, z: 0, w: 1}
  m_LocalPosition: {x: 0, y: 0, z: 0}
  m_LocalScale: {x: 1, y: 1, z: 1}
  m_Children:
  - {fileID: 4877626113713803125}
  - {fileID: 4877626114529350806}
  m_Father: {fileID: 0}
  m_RootOrder: 0
  m_LocalEulerAnglesHint: {x: 0, y: 0, z: 0}
